 Dungeon Crawl Stone Soup version 0.25.0-45-g978344163c (webtiles) character file.

Game seed: 667711586618523113

40 Ethylacetat the Ruffian (level 3, -2/31 HPs)
             Began as a Naga Transmuter on July 11, 2020.
             Slain by a worker ant (3 damage)
             ... on level 1 of the Dungeon.
             The game lasted 00:06:23 (1683 turns).

Ethylacetat the Ruffian (Naga Transmuter)           Turns: 1683, Time: 00:06:24

Health: -2/31      AC:  2    Str: 13    XL:     3   Next: 50%
Magic:  6/6        EV: 10    Int: 13    God:
Gold:   72         SH:  0    Dex: 11    Spells: 5/6 levels left

rFire    . . .     SeeInvis +     - Unarmed
rCold    . . .     Gourm    .   (no shield)
rNeg     . . .     Faith    .   b - +0 robe
rPois    +         Spirit   .   (no helmet)
rElec    .         Reflect  .   (no cloak)
rCorr    .         Harm     .   (no gloves)
MR       .....                  (no barding)
Stlth    +.........             (no amulet)
HPRegen  0.10/turn              (no ring)
MPRegen  0.10/turn              (no ring)

@: very slow
A: large, see invisible, deformed body, poison resistance, slowness 2, slow
metabolism 1, spit poison 1, AC +1
a: Spit Poison


You were on level 1 of the Dungeon.
You were not hungry.

You visited 1 branch of the dungeon, and saw 2 of its levels.

You collected 72 gold pieces.

Inventory:

Missiles
 a - 12 arrows
Armour
 b - a +0 robe (worn)
Scrolls
 c - a scroll of magic mapping {unknown}
 e - a scroll of identify {unknown}
Potions
 f - a potion of haste {unknown}
 g - a potion of resistance {unknown}
 h - 2 potions of stabbing {unknown}
Comestibles
 d - 2 rations


   Skills:
 + Level 1.1 Fighting
 - Level 2.1 Dodging
 + Level 3.7 Unarmed Combat
 + Level 2.1 Spellcasting
 + Level 2.2 Transmutations


You had 5 spell levels left.
You knew the following spells:

 Your Spells              Type           Power        Failure   Level  Hunger
a - Beastly Appendage     Tmut           #.....       10%         1    ##.....

Your spell library contained the following spells:

 Spells                   Type           Power        Failure   Level  Hunger
 Sticks to Snakes         Tmut           #.......     16%         2    ###....
 Spider Form              Tmut/Pois      #.........   43%         3    ####...
 Ice Form                 Ice/Tmut       #.......     85%         4    #####..
 Blade Hands              Tmut           #.........   95%         5    ######.


Dungeon Overview and Level Annotations

Branches:
Dungeon (2/15)

Altars:


Innate Abilities, Weirdness & Mutations

You cannot wear boots.
Your serpentine skin is tough. (AC +1)
You have supernaturally acute eyesight. (SInv)
Armour fits poorly on your strangely shaped body.
Your system is resistant to poisons. (rPois)
You cover ground very slowly.
You have a slow metabolism.
You can spit poison.


Message History

* * * LOW HITPOINT WARNING * * *
You barely miss the worker ant.
The worker ant is moderately wounded.
The leopard gecko misses you. The worker ant bites you.
* * * LOW HITPOINT WARNING * * *
The leopard gecko closely misses you.
You hit the worker ant.
The worker ant is severely wounded.
You have got your breath back.
The worker ant bites you.
* * * LOW HITPOINT WARNING * * *
The leopard gecko misses you.
You hit the worker ant but do no damage.
The worker ant is severely wounded.
The worker ant barely misses you.
The leopard gecko bites you but does no damage.
You hit the worker ant but do no damage.
The worker ant is severely wounded.
The worker ant bites you.
You die...

#..(.......(...# #.# #.# #.
##.#####.##.####### #.# #.#
#.
.......#.##.###...####.####.#
#.
##............[.............#
#.
#####.#............##.#.####
#. #.####......>...#.#.# #.
#.............^.).#.#######.
#.#####....a....###.........
#.# ##..l@...## #.########
#.# ##.....## #.# #.# ##...##
#.# #.# ##### ##.########
#.####### ##...##.....
#.......# #.....#.####
#.####### ######### #.######
#......#####################


You could see a worker ant and a leopard gecko.

Vanquished Creatures
  2 oozes (D:1)
  A dart slug (D:1)
  5 bats (D:1)
  2 giant cockroaches (D:1)
  5 hobgoblins (D:1)
  3 jackals (D:1)
  3 frilled lizards (D:1)
  5 goblins (D:1)
  2 kobolds (D:1)
28 creatures vanquished.

Notes
Turn   | Place    | Note
-------+----------+-------------------------------------------
     0 | D:1      | Ethylacetat the Naga Transmuter began the quest for the
                  | Orb.
     0 | D:1      | Reached XP level 1. HP: 18/18 MP: 3/3
   461 | D:1      | Reached XP level 2. HP: 14/25 MP: 5/5
  1100 | D:1      | Reached XP level 3. HP: 31/31 MP: 6/6
  1681 | D:1      | HP: 1/31 [worker ant (2)]
  1683 | D:1      | Slain by a worker ant

Illustrated notes

Levels and vault maps discovered:
D:1:      tarquinn_simple_flora_water_f, layout_loops_ring,
          roderic_roman_lattice
D:2:      layout_rooms, chequers_ecumenical_altar_island, bloody_trog

Skill      XL: |  1  2  3 |
---------------+----------+-----
Dodging        | 2 |  2.1
Fighting       | |  1.1
Unarmed Combat | |  3.7
Spellcasting   | |  2.1
Transmutations | |  2.2

Action                   || total
-------------------------++-------
Melee: Unarmed           ||   104
 Abil: Spit Poison       ||    24
  Eat: Chunk             ||     3
Armor: Robe              ||    23
Dodge: Dodged            ||    59
